 Dungeon Crawl Stone Soup version 0.29-a0-824-gd827844252 (webtiles) character file.

Game seed: 14440554690783193828

551991 porpoise the Mender (level 25, -22/219 (248) HPs)
             Began as a Hill Orc Gladiator on July 8, 2022.
             Was a Priest of Elyvilon.
             Annihilated by Vv (64 damage)
             ... on level 1 of the Realm of Zot on July 10, 2022.
             The game lasted 06:25:11 (84515 turns).

porpoise the Mender (Hill Orc Gladiator)           Turns: 84515, Time: 06:25:40

HP:   -22/219 (248) AC: 41    Str: 29    XL:     25   Next: 70%
MP:   28/40         EV: 21    Int: 11    God:    Elyvilon [***...]
Gold: 2339          SH:  9    Dex: 26    Spells: 24/24 levels left

rFire   + + +      SeeInvis +   a - +8 frozen axe "Frostbite" {freezing cloud, *Noise Fly rC+}
rCold   . . .      Faith    .   (shield currently unavailable)
rNeg    . . .      Spirit   .   J - +8 storm dragon scales "Riycreff" {+Inv rElec rF+ Str+5}
rPois   +          Reflect  +   W - +2 helmet {Int+3}
rElec   +          Harm     .   g - +2 cloak
rCorr   .          Rampage  .   k - +1 pair of gloves of Forking Paths {rF+++ Str-3 Dex+8}
Will    ++...      Clarity  +   A - +2 pair of boots {Stlth+}
Stlth   +......... Rnd*Tele +   B - amulet of Abstinence {Reflect Dex+4 SH+5}
HPRegen 0.46/turn               G - +4 ring of slaying
MPRegen 0.27/turn               i - ring of Tulips {Fire rPois Will+ MP+9 Stlth+}

@: about to teleport, flying, studying 2 skills, heavily drained, invisible
A: large bone plates 1, see invisible, clarity, deterioration 1, low MP 2,
teleportitis 1
}: 4/15 runes: decaying, serpentine, slimy, silver
a: Renounce Religion, Evoke Invisibility, Purification, Heal Other, Heal Self


You were on level 1 of the Realm of Zot.
You worshipped Elyvilon.
Elyvilon was most pleased with you.
You visited 11 branches of the dungeon, and saw 50 of its levels.
You visited the Abyss 1 time.
You visited 1 bazaar.
You also visited: Ossuary, Ice Cave and Volcano.

You collected 6075 gold pieces.
You spent 3736 gold pieces at shops.

Inventory:

Hand Weapons
 a - the +8 frozen axe "Frostbite" (weapon) {freezing cloud, *Noise Fly rC+}
   (You bought it in a shop on level 1 of the Vaults)

   It freezes those it strikes, dealing additional cold damage.
   It can also slow down cold-blooded creatures.
   It occasionally leaves clouds of freezing vapour upon striking a foe.
   It grants immunity to clouds of freezing vapour.
   rC:        It protects you from cold.
   Fly:       It grants you flight.
   *Noise:    It may make noises in combat.
 b - the +6 sling "Spiderbane" {flame, rElec rF+ Stlth+}
   (You found it on level 5 of the Lair of Beasts)

   Any ammunition fired from it burns those it strikes, dealing additional fire
   damage.
   rF:        It protects you from fire.
   rElec:     It insulates you from electricity.
   Stlth:     It makes you more stealthy.
 w - the +10 lance "Wyrmbane" {slay drac, rPois rF+ rC+ AC+3}
   (You found it on level 4 of the Depths)

   It inflicts extra damage against dragons and draconians.
   AC:        It affects your AC (+3).
   rF:        It protects you from fire.
   rC:        It protects you from cold.
   rPois:     It protects you from poison.
Missiles
 K - 10 javelins (quivered)
 T - 5 atropa-tipped darts
Armour
 d - quicksilver dragon scales
 g - a +2 cloak (worn)
 k - the +1 pair of gloves of Forking Paths (worn) {rF+++ Str-3 Dex+8}
   (You acquired it on level 1 of the Lair of Beasts)

   Str:       It affects your strength (-3).
   Dex:       It affects your dexterity (+8).
   rF:        It renders you almost immune to fire.
 A - a +2 pair of boots of stealth (worn)
 J - the +8 storm dragon scales "Riycreff" (worn) {+Inv rElec rF+ Str+5}
   (You found it on level 5 of the Pits of Slime)

   Str:       It affects your strength (+5).
   rF:        It protects you from fire.
   rElec:     It insulates you from electricity.
   +Inv:      It lets you turn invisible.
 W - a +2 helmet of intelligence (worn)
Jewellery
 i - the ring of Tulips (right hand) {Fire rPois Will+ MP+9 Stlth+}
   (You took it off a deep elf archer on level 1 of the Elven Halls)

   [ring of fire]

   It enhances your fire magic.
   rF:        It protects you from fire.
   rC:        It makes you vulnerable to cold.
   rPois:     It protects you from poison.
   MP:        It affects your magic capacity (+9).
   Will:      It increases your willpower.
   Stlth:     It makes you more stealthy.
 B - the amulet of Abstinence (around neck) {Reflect Dex+4 SH+5}
   (You found it on level 1 of the Snake Pit)

   [amulet of reflection]

   It reflects blocked missile attacks.
   Dex:       It affects your dexterity (+4).
   SH:        It affects your SH (+5).
 G - a +4 ring of slaying (left hand)
 X - the ring of Liberalism {rElec rN+}
   (You took it off a deep elf knight on level 1 of the Elven Halls)

   [ring of positive energy]

   rElec:     It insulates you from electricity.
   rN:        It protects you from negative energy.
 Y - a ring of protection from cold
Wands
 h - a wand of quicksilver (15)
 y - a wand of mindburst (9)
 C - a wand of flame (94)
 F - a wand of roots (42)
 I - a wand of paralysis (23)
 O - a wand of digging (28)
 U - a wand of polymorph (18)
Scrolls
 c - 6 scrolls of fog
 e - 7 scrolls of immolation
 s - 10 scrolls of vulnerability
 u - 9 scrolls of fear
 x - 21 scrolls of teleportation
 H - 3 scrolls of poison
 L - 2 scrolls of silence
 M - 6 scrolls of magic mapping
 R - a scroll of summoning
Potions
 f - 20 potions of curing
 l - 3 potions of haste
 n - 6 potions of cancellation
 o - a potion of heal wounds
 p - 3 potions of invisibility
 r - 4 potions of lignification
 z - 7 potions of attraction
 D - 11 potions of ambrosia
Miscellaneous
 j - a phantom mirror
 q - a tin of tremorstones (2/2)
 E - a lightning rod (4/4)
 V - a box of beasts


   Skills:
 + Level 24.9 Fighting
 - Level 2.0 Short Blades
 - Level 24.0 Axes
 + Level 2.2(13.7) Polearms
 + Level 11.2 Throwing
 - Level 20.0 Armour
 - Level 14.0 Dodging
 - Level 12.0 Shields
 + Level 25.1 Invocations
 - Level 12.0 Evocations


You had 24 spell levels left.
You didn't know any spells.
Your spell library contained the following spells:

 Spells                   Type           Power      Damage    Failure   Level
 Apportation              Tloc           0%         N/A       67%         1
 Freeze                   Ice            0%         1d3       67%         1
 Magic Dart               Conj           0%         1d3       67%         1
 Necrotise                Necr           0%         1d4       67%         1
 Sandblast                Erth           0%         2d4       67%         1
 Slow                     Hex            0%         N/A       67%         1
 Sting                    Tmut/Pois      0%         1d3       67%         1
 Summon Small Mammal      Summ           0%         N/A       67%         1
 Blink                    Tloc           0%         N/A       82%         2
 Call Imp                 Summ           0%         N/A       82%         2
 Ensorcelled Hibernation  Hex/Ice        0%         N/A       82%         2
 Passwall                 Tmut/Erth      0%         N/A       82%         2
 Poisonous Vapours        Pois/Air       0%         N/A       82%         2
 Scorch                   Fire           0%         2d5       82%         2
 Searing Ray              Conj           0%         2d4       82%         2
 Static Discharge         Conj/Air       0%         3-3/arc   82%         2
 Call Canine Familiar     Summ           0%         N/A       96%         3
 Confusing Touch          Hex            0%         N/A       96%         3
 Dazzling Flash           Conj/Hex       0%         N/A       96%         3
 Frozen Ramparts          Ice            0%         1d2       96%         3
 Ignite Poison            Fire/Tmut/Pois 0%         N/A       96%         3
 Inner Flame              Hex/Fire       0%         N/A       96%         3
 Lesser Beckoning         Tloc           0%         N/A       96%         3
 Mephitic Cloud           Conj/Pois/Air  0%         N/A       96%         3
 Portal Projectile        Hex/Tloc       0%         N/A       96%         3
 Spider Form              Tmut/Pois      0%         N/A       96%         3
 Stone Arrow              Conj/Erth      0%         3d7       96%         3
 Summon Guardian Golem    Hex/Summ       0%         N/A       96%         3
 Swiftness                Air            0%         N/A       96%         3
 Tukima's Dance           Hex            0%         N/A       96%         3
 Vampiric Draining        Necr           0%         2d6       96%         3
 Anguish                  Hex/Necr       0%         N/A       100%        4
 Animate Armour           Summ/Erth      0%         N/A       100%        4
 Cause Fear               Hex            0%         N/A       100%        4
 Corpse Rot               Necr/Pois/Air  0%         N/A       100%        4
 Flame Wave               Conj/Fire      0%         2d4       100%        4
 Fulminant Prism          Conj/Hex       0%         3d6       100%        4
 Hailstorm                Conj/Ice       0%         3d3       100%        4
 Ice Form                 Ice/Tmut       0%         N/A       100%        4
 Iskenderun's Mystic Bla  Conj/Tloc      0%         2d3       100%        4
 Leda's Liquefaction      Hex/Erth       0%         N/A       100%        4
 Olgreb's Toxic Radiance  Pois           0%         N/A       100%        4
 Petrify                  Tmut/Erth      0%         N/A       100%        4
 Summon Ice Beast         Ice/Summ       0%         N/A       100%        4
 Agony                    Necr           0%         N/A       100%        5
 Blade Hands              Tmut           0%         N/A       100%        5
 Fireball                 Conj/Fire      0%         3d3       100%        5
 Freezing Cloud           Conj/Ice/Air   0%         6-21      100%        5
 Iskenderun's Battlesphe  Conj           0%         2d6       100%        5
 Lee's Rapid Deconstruct  Erth           0%         3d5*      100%        5
 Lightning Bolt           Conj/Air       0%         1d11      100%        5
 Manifold Assault         Tloc           0%         N/A       100%        5
 Metabolic Englaciation   Hex/Ice        0%         N/A       100%        5
 Silence                  Hex/Air        0%         N/A       100%        5
 Summon Forest            Summ/Tloc      0%         N/A       100%        5
 Conjure Ball Lightning   Conj/Air       0%         3x3d6     100%        6
 Eringya's Noxious Bog    Tmut/Pois      0%         N/A       100%        6
 Iron Shot                Conj/Erth      0%         9d1       100%        6
 Starburst                Conj/Fire      0%         6d3       100%        6
 Statue Form              Tmut/Erth      0%         N/A       100%        6
 Summon Cactus Giant      Summ           0%         N/A       100%        6
 Dragon Form              Tmut           0%         N/A       100%        7
 Enfeeble                 Hex            0%         N/A       100%        7
 Orb of Destruction       Conj           0%         9d5       100%        7
 Ozocubu's Refrigeration  Ice            0%         4d5       100%        7
 Spellforged Servitor     Conj/Summ      0%         N/A       100%        7
 Summon Hydra             Summ           0%         N/A       100%        7
 Discord                  Hex            0%         N/A       100%        8
 Disjunction              Tloc           0%         N/A       100%        8
 Ignition                 Fire           0%         3d3       100%        8
 Lehudib's Crystal Spear  Conj/Erth      0%         10d2      100%        8
 Maxwell's Capacitive Co  Air            0%         ∞         100%        8
 Chain Lightning          Conj/Air       0%         N/A       100%        9
 Dragon's Call            Summ           0%         N/A       100%        9
 Fire Storm               Conj/Fire      0%         5d1       100%        9
 Shatter                  Erth           0%         3d5*      100%        9


Dungeon Overview and Level Annotations

Branches:
Dungeon (15/15)            Temple (1/1) D:7            Lair (6/6) D:8
  Swamp (4/4) Lair:4        Snake (4/4) Lair:3        Slime (5/5) Lair:5
    Orc (2/2) D:10            Elf (3/3) Orc:2        Vaults (5/5) D:14
  Crypt (0/3) Vaults:3     Depths (4/4) D:15            Zot (1/5) Depths:4
Ossuary (visited)           IceCv (visited)         Volcano (visited)

Altars:
Ashenzari
Cheibriados
Dithmenos
Elyvilon
Fedhas
Gozag
Hepliaklqana
Kikubaaqudgha
Makhleb
Nemelex Xobeh
Okawaru
Qazlal
Ru
Sif Muna
Trog
Uskayaw
Vehumet
Wu Jian
Xom
Yredelemnul
Zin
The Shining One
Beogh
Jiyva

Shops:
D:4 ?   D:10 [*   Orc:2 [(*:   Elf:1 [**   Snake:2 =   Vaults:1 (   Vaults:2 *
Depths:2 :=:   Depths:3 (

Portals:
Hell: Depths:1 Depths:2 Depths:3 Depths:4
Abyss: Depths:2 Depths:3
Pandemonium: Depths:2
Ziggurat: Depths:1

Annotations:
Elf:2 1 runed translucent door
Vaults:4 3 runed doors, scionoferis's ghost, veteran DECj
Depths:3 exclusion: upstairs
Zot:1 Vv


Innate Abilities, Weirdness & Mutations

You are partially covered in large bone plates. (SH +4)
You have supernaturally acute eyesight. (SInv)
You possess an exceptional clarity of mind.
Your body sometimes deteriorates upon taking damage.
Your magical capacity is very low. (-20% MP)
You are occasionally teleported next to monsters.


Message History

The blast of magma engulfs the green draconian!!!
The blast of magma engulfs Vv!!
Vv partially resists.
The green draconian roars!
The moth of wrath's fur bristles in rage as it notices you.
The purple draconian shifter roars!
You are healed.
The purple draconian shifter is no longer moving slowly.
The green draconian misses you.
The green draconian completely misses you.
The purple draconian closely misses you.
The green draconian hits you but does no damage.
The green draconian tail-slaps you but does no damage.
You block Vv's attack. Vv misses you.
You strike the helpless moth of wrath from behind!
You slice the moth of wrath!! You freeze the moth of wrath.
You kill the moth of wrath!
You slash the purple draconian shifter!
The purple draconian shifter seems to slow down.
You freeze the purple draconian shifter.
You slash the green draconian!
The green draconian seems to slow down.
You freeze the green draconian.
You hear the raging winds of a blizzard.
You hit Vv but do no damage.
You hear a deafening roar! x2
The purple draconian barely misses you. You block the green draconian's attack.
The red draconian breathes fire at you.
The searing blast hits Vv!
Vv resists.
The searing blast misses you.
You slash Vv! You freeze Vv.
Vv is moderately damaged.
You slash the purple draconian shifter!
You freeze the purple draconian shifter.
You slash the green draconian!
The green draconian seems to slow down.
You freeze the green draconian.
The green draconian hits you with a +0 short sword!
* * * LOW HITPOINT WARNING * * *
The green draconian tail-slaps you but does no damage.
Vv hits you!
* * * LOW HITPOINT WARNING * * *
Vv freezes you!!!
You die...

## ######
.####
#..(.(###
.#...
.....§##
.....
...§§##
.....
#####d§§.#
..#..
#.....#@§§#
###
#..d..d9#q§#
#....⌠ddy
#§#
..⌠....y⌠ ##
.9.......
##.y⌠....D⌠
#.#....⌠...
#.X#.......
#..y#


You could see Vv (unable to see you), a shadow dragon, 2 draconians, 2
draconians, a red draconian (unable to see you, catching breath), a purple
draconian shifter (unable to see you, slow) and 2 moths of wrath.

Vanquished Creatures
  the Royal Jelly (Slime:5)
  A dread lich (Vaults:5)
  An ancient lich (Vaults:5)
  Saint Roka (Elf:2)
  A golden dragon (Depths:4)
  Nikola (Snake:4)
  Zenata (Vaults:4)
  3 tentacled monstrosities
  Jorgrun (Orc:2)
  A lich (Depths:3)
  8 quicksilver dragons
  A walking divine tome (Depths:3)
  19 acid blobs
  4 titans
  A tentacled starspawn (Abyss:1)
  2 deep elf master archers (Elf:3)
  5 sphinxes
  2 death cobs (Zot:1)
  3 shadow dragons
  A thorn hunter (Swamp:4)
  10 tengu reavers
  Kirke (Snake:2)
  2 storm dragons
  15 azure jellies
  2 draconian monks
  Roxanne (Swamp:1)
  2 fenstrider witches (Swamp:3)
  4 nagarajas (Snake:4)
  11 rockslimes
  9 fire giants
  Aizul (Snake:2)
  2 balrugs
  7 frost giants
  A draconian stormcaller (Depths:4)
  4 deep elf sorcerers
  An iron dragon (Vaults:5)
  20 vault wardens
  A draconian scorcher (Depths:4)
  A deep elf elementalist (Elf:3)
  17 very ugly things
  10 quicksilver oozes
  3 war gargoyles (Vaults:5)
  A juggernaut skeleton (Depths:1)
  A reaper (Depths:2)
  20 ironbound preservers
  8 ironbound thunderhulks
  A green draconian (Depths:4)
  18 stone giants
  6 eleionomae
  A vampire knight (Depths:2)
  6 deep elf demonologists
  6 dire elephants
  3 black draconians (Depths:4)
  An entropy weaver (shapeshifter) (Vaults:5)
  A spark wasp (Depths:4)
  4 deep elf annihilators
  A red draconian (Depths:4)
  An entropy weaver (Vaults:5)
  A yellow draconian (Depths:4)
  An eidolon (Elf:2)
  The ghost of zhov the Skirmisher, a journeyman MiHu of Gozag (D:12)
  5 bunyips
  9 deep elf death magi
  Snorg (D:14)
  11 ettins
  8 fire dragons
  A merfolk impaler (Depths:1)
  6 great orbs of eyes
  20 yaktaur captains
  3 merfolk javelineers
  A rakshasa (Abyss:1)
  4 ice dragons
  43 vault guards
  A shambling mangrove (Swamp:2)
  5 deep elf high priests
  16 hydras
  2 spriggan air magi
  7 boulder beetles
  3 salamander tyrants
  2 ghost crabs
  Erica (D:8)
  3 catoblepae
  10 naga warriors
  5 centaur warriors
  5 anacondas
  7 two-headed ogres
  9 ironbound frosthearts
  An anaconda (shapeshifter) (Vaults:5)
  10 alligators
  22 death yaks
  33 dancing weapons
  7 deep troll shamans
  A vampire mage (Depths:3)
  11 tengu warriors
  5 shock serpents
  5 orc high priests
  9 hell knights
  15 naga sharpshooters
  12 deep troll earth magi
  4 spriggan berserkers
  6 sun demons
  7 iron trolls
  2 soul eaters (Depths:2)
  22 deep elf knights
  2 skeletal warriors (Volcano)
  A wretched star (Abyss:1)
  A salamander mystic (Snake:4)
  An iron troll (shapeshifter) (Elf:1)
  A spatial maelstrom (Abyss:1)
  4 goliath frogs
  46 deep trolls
  2 bog bodies
  10 deep elf archers
  A flayed ghost (Depths:4)
  5 spriggan druids
  2 sea snakes (shapeshifter)
  7 glowing orange brains
  An orange crystal statue (IceCv)
  3 spriggan simulacra (IceCv)
  10 swamp dragons
  17 lindwurms
  4 necromancers
  A phantasmal warrior (Vaults:5)
  3 orc knights
  A shadow demon (Depths:2)
  27 deep elf pyromancers
  11 ironbound convokers
  An obsidian statue (IceCv)
  9 naga ritualists
  26 deep elf zephyrmancers
  6 mana vipers
  3 wizards
  A shadow dragon skeleton (Vaults:4)
  8 harpies
  23 ugly things
  The ghost of ihfijgdoutdouutd the Skirmisher, a novice DgHu (D:7)
  A tengu skeleton (Vaults:1)
  4 oklob plants (Lair:5)
  6 shining eyes
  7 orc sorcerers
  7 cyclopes
  A will-o-the-wisp (Swamp:4)
  6 manticores
  7 salamanders
  A human skeleton (Vaults:4)
  31 elephants
  9 moths of wrath (Zot:1)
  6 guardian serpents
  19 vault sentinels
  40 black mambas
  2 smoke demons
  2 torpor snails
  18 cane toads
  16 naga magi
  6 gargoyles
  An orange demon (Depths:2)
  An unseen horror (D:11)
  A cane toad (shapeshifter) (D:11)
  6 rime drakes
  8 komodo dragons
  13 yaktaurs
  A hellwing (Depths:2)
  A rime drake (shapeshifter) (Vaults:5)
  8 freezing wraiths
  A golden dragon simulacrum (IceCv)
  A yaktaur skeleton (Vaults:4)
  2 entropy weaver simulacra (IceCv)
  4 tengu conjurers
  2 red devils
  5 ice devils (IceCv)
  4 meliai
  5 hornets
  11 trolls
  8 tyrant leeches
  A bloated husk (Swamp:1)
  4 polar bears
  An iron dragon simulacrum (Depths:1)
  A harpy skeleton (Volcano)
  93 slime creatures
  A raiju (shapeshifter) (D:13)
  A blink frog (shapeshifter) (Elf:1)
  17 blink frogs
  A dream sheep (shapeshifter) (Vaults:5)
  13 spriggans
  3 air elementals
  2 flying skulls (Volcano)
  16 water elementals
  A centaur simulacrum (D:11)
  4 wraiths
  A spriggan (shapeshifter) (Vaults:5)
  5 shadows
  51 yaks
  2 alligator skeletons (Volcano)
  3 hogs (Snake:2)
  2 vampires (D:10)
  A ynoxinul (D:12)
  4 wyverns
  A steam dragon (Lair:5)
  23 golden eyes
  8 basilisks
  4 fire elementals
  8 vampire mosquitoes
  A neqoxec (Depths:2)
  3 spatial vortices (Abyss:1)
  2 harpy simulacra (IceCv)
  8 wargs
  29 nagas
  10 swamp worms
  A hydra simulacrum (IceCv)
  2 acid dragons (D:11)
  22 water moccasins
  3 floating eyes
  9 swamp drakes
  4 ice beasts
  33 orc warriors
  3 sky beasts
  An alligator simulacrum (IceCv)
  A black bear (shapeshifter) (Elf:1)
  3 black bears
  10 ogres
  17 wolves
  2 ettin simulacra (IceCv)
  8 centaurs
  A phantom (D:6)
  3 kobold brigands
  8 earth elementals
  10 bullfrogs
  A gnoll sergeant (D:9)
  3 necrophages
  A human simulacrum (Depths:1)
  5 small abominations (Abyss:1)
  6 scorpions
  2 deep troll simulacra (IceCv)
  8 water moccasin zombies (Ossuary)
  14 wights
  A lindwurm simulacrum (IceCv)
  48 killer bees
  2 electric eels
  3 howler monkeys
  2 troll skeletons (Volcano)
  A crimson imp (D:7)
  12 orc priests
  4 hounds
  Crazy Yiuf (D:4)
  3 gnoll boudas
  An iron imp (Abyss:1)
  4 iguanas
  22 orc wizards
  Ijyb (D:4)
  Terence (D:2)
  2 mummies (Ossuary)
  19 gnolls
  8 adders
  A shadow imp (D:6)
  A white imp (D:7)
  An ufetubus (D:5)
  9 adder zombies (Ossuary)
  2 worms
  6 dart slugs
  47 orcs
  4 ball pythons
  3 endoplasms
  5 goblins
  6 hobgoblins
  9 jackals
  2 quokkas
  A bat (D:2)
  4 frilled lizards
  2 gnoll zombies (Ossuary)
  2 hobgoblin zombies (Ossuary)
  22 kobolds
  4 kobold zombies (Ossuary)
  5 orc zombies (Ossuary)
  3 rats
  5 briar patches (Swamp:4)
  A bush (Lair:6)
  3 starspawn tentacles (Abyss:1)
1925 creatures vanquished.

Vanquished Creatures (collateral kills)
  the Lernaean hydra (Swamp:4)
  A stone giant (Vaults:5)
  A shock serpent (Snake:2)
  A black mamba (Snake:2)
4 creatures vanquished.

Vanquished Creatures (others)
  2 caustic shrikes (Depths:4)
  A tentacled monstrosity (Zot:1)
  A sphinx (Vaults:4)
  A storm dragon (Vaults:4)
  3 shadow dragons (Vaults:4)
  2 deep elf sorcerers (Elf:3)
  2 frost giants (Depths:2)
  A fire giant (Depths:2)
  A very ugly thing (Vaults:2)
  A deep elf demonologist (Elf:3)
  A dire elephant (Vaults:2)
  A deep elf annihilator (Vaults:5)
  A bunyip (Swamp:3)
  A deep elf death mage (Elf:3)
  A deep elf high priest (Elf:3)
  A yaktaur captain (Vaults:5)
  An ice dragon (Depths:1)
  A hydra (shapeshifter) (Vaults:4)
  The ghost of Ekoynunot the Thaumaturge, a journeyman DjCj of Makhleb (Lair:1)
  A deep troll shaman (Lair:6)
  2 spriggan berserkers
  2 deep elf knights
  A naga sharpshooter (Snake:1)
  A salamander mystic (Snake:2)
  3 deep trolls
  A phantasmal warrior (Vaults:4)
  An ugly thing (Vaults:2)
  2 salamanders
  A moth of wrath (Lair:1)
  A naga mage (Snake:1)
  A cane toad (Lair:5)
  An elf zombie (Vaults:1)
  2 tengu conjurers
  4 tyrant leeches
  A queen bee (Lair:5)
  A bloated husk (Swamp:1)
  2 slime creatures (Lair:5)
  A hornet (Lair:1)
  A spriggan (Swamp:3)
  A naga (Snake:4)
  3 orc warriors
  A wolf (Lair:5)
  A kobold brigand (D:6)
  A bullfrog (Lair:5)
  A human zombie (Vaults:1)
  3 killer bees (Lair:5)
  2 jellies (Lair:5)
  An orc wizard (Elf:2)
  2 orcs (Elf:2)
  A kobold (D:6)
  A bush (D:8)
  5 foxfires (Swamp:4)
  62 fungi
  153 plants
  2 starspawn tentacles (Abyss:1)
294 creatures vanquished.

Grand Total: 2223 creatures vanquished

Notes
Turn   | Place    | Note
-------+----------+-------------------------------------------
     0 | D:1      | porpoise the Hill Orc Gladiator began the quest for the
                  | Orb.
     0 | D:1      | Reached XP level 1. HP: 18/18 MP: 1/1
   310 | D:1      | Reached XP level 2. HP: 25/25 MP: 2/2
  1203 | D:2      | Noticed Terence
  1221 | D:2      | Killed Terence
  1222 | D:2      | Reached skill level 5 in Axes
  1222 | D:2      | Reached XP level 3. HP: 19/31 MP: 3/3
  1709 | D:2      | Reached XP level 4. HP: 31/38 MP: 4/4
  2237 | D:3      | Noticed a necrophage
  2247 | D:3      | Killed a necrophage
  2248 | D:3      | Reached XP level 5. HP: 45/46 MP: 5/5
  2373 | D:3      | Found a blossoming altar of Fedhas.
  2396 | D:3      | You fall into a shaft and drop 1 floor!
  2941 | D:4      | Reached XP level 6. HP: 39/53 MP: 6/6
  3183 | D:4      | Found Aceidyur's Magic Scroll Shoppe.
  3188 | D:4      | Bought a scroll of blinking for 82 gold pieces
  3188 | D:4      | Bought a scroll of poison for 38 gold pieces
  3188 | D:4      | Bought a scroll of noise for 11 gold pieces
  3188 | D:4      | Bought a scroll of identify for 22 gold pieces
  3189 | D:4      | Bought a scroll of identify for 22 gold pieces
  3189 | D:4      | Bought a scroll of identify for 22 gold pieces
  3208 | D:4      | Reached skill level 5 in Fighting
  3277 | D:4      | Noticed Ijyb
  3279 | D:4      | Paralysed by Ijyb for 3 turns
  3286 | D:4      | Killed Ijyb
  3583 | D:4      | Found a runed translucent door.
  3584 | D:4      | Noticed Crazy Yiuf
  3597 | D:4      | Killed Crazy Yiuf
  3598 | D:4      | Reached XP level 7. HP: 33/61 MP: 7/7
  3865 | D:5      | Entered Level 5 of the Dungeon
  4138 | D:5      | Found an opulent altar of Gozag.
  4393 | D:5      | Reached skill level 10 in Axes
  4393 | D:5      | Reached XP level 8. HP: 68/71 MP: 8/8
  4475 | D:5      | Found an iron altar of Okawaru.
  5139 | D:6      | Found a snail-covered altar of Cheibriados.
  5160 | D:6      | Reached skill level 1 in Armour
  5498 | D:6      | Found a stormy altar of Qazlal.
  5803 | D:6      | Reached XP level 9. HP: 38/79 MP: 9/9
  6323 | D:6      | Found a shimmering blue altar of Sif Muna.
  6349 | D:6      | Found an ancient bone altar of Kikubaaqudgha.
  6356 | D:6      | Got Kikubaaqudgha's Vellum of Despicable Mysteries
  6363 | D:6      | Found a radiant altar of Vehumet.
  6562 | D:7      | Found a sand-covered staircase.
  6745 | Ossuary  | Entered an ossuary
  6897 | Ossuary  | Reached skill level 1 in Short Blades
  7127 | D:7      | Reached skill level 5 in Armour
  7235 | D:7      | Found a transporter.
  7236 | D:7      | Noticed ihfijgdoutdouutd's ghost (novice DgHu)
  7236 | D:7      | Noticed a two-headed ogre
  7371 | D:7      | Found a transporter.
  7670 | D:7      | Found a broken altar of Ashenzari.
  7670 | D:7      | Found a glowing golden altar of the Shining One.
  7670 | D:7      | Found a sparkling altar of Nemelex Xobeh.
  7714 | D:7      | Found a burning altar of Makhleb.
  7745 | D:7      | Found a staircase to the Ecumenical Temple.
  7764 | Temple   | Entered the Ecumenical Temple
  7809 | Temple   | Became a worshipper of Elyvilon the Healer
  8266 | D:7      | Found an ornate altar of the Wu Jian Council.
  8398 | D:8      | Reached XP level 10. HP: 73/86 MP: 10/10
  8627 | D:8      | Noticed Erica
  8644 | D:8      | Killed Erica
  8887 | D:8      | Found a staircase to the Lair.
  8897 | D:8      | Reached skill level 15 in Axes
  9068 | D:8      | Reached * piety under Elyvilon
  9081 | D:8      | Found a transporter.
  9084 | D:8      | Noticed a manticore
  9084 | D:8      | Noticed a cyclops
  9087 | D:8      | Found a transporter.
  9197 | D:8      | Noticed a tengu warrior
  9200 | D:8      | Found a bloodstained altar of Trog.
  9217 | D:8      | Found a shadowy altar of Dithmenos.
  9557 | D:8      | Reached skill level 1 in Invocations
  9671 | D:9      | Reached skill level 5 in Dodging
  9671 | D:9      | Reached skill level 2 in Invocations
  9771 | D:9      | Reached XP level 11. HP: 89/90 MP: 11/13
 10036 | D:9      | Reached skill level 3 in Invocations
 10065 | D:9      | Reached ** piety under Elyvilon
 10278 | D:9      | Reached skill level 4 in Invocations
 10521 | D:9      | Reached skill level 5 in Invocations
 10835 | D:10     | Entered Level 10 of the Dungeon
 10953 | D:10     | Noticed a two-headed ogre
 10971 | D:10     | Killed a two-headed ogre
 11004 | D:10     | Reached skill level 6 in Invocations
 11253 | D:10     | Found a staircase to the Orcish Mines.
 11278 | D:10     | Found Utwajigi's Antique Armour Shop.
 11298 | D:10     | Bought a smoking helmet for 266 gold pieces
 11298 | D:10     | Identified the +1 helmet of Uruariymp {rC- Will++ Int+3}
                  | (You bought it in a shop on level 10 of the Dungeon)
 11419 | D:10     | Reached skill level 7 in Invocations
 11480 | D:10     | Found Ujobeumn's CLEARANCE SALE!.
 12076 | D:10     | Noticed a two-headed ogre
 12087 | D:10     | Killed a two-headed ogre
 12266 | Lair:1   | Entered Level 1 of the Lair of Beasts
 12406 | Lair:1   | Noticed a spriggan rider
 12416 | Lair:1   | Noticed a moth of wrath
 12416 | Lair:1   | Noticed a spriggan rider
 12417 | Lair:1   | Found a transporter.
 12437 | Lair:1   | Noticed a spriggan berserker
 12449 | Lair:1   | Reached skill level 8 in Invocations
 12487 | Lair:1   | Reached skill level 1 in Shields
 12548 | Lair:1   | Reached *** piety under Elyvilon
 12624 | Lair:1   | Reached skill level 9 in Invocations
 12624 | Lair:1   | Reached XP level 12. HP: 99/104 MP: 18/18
 12811 | Lair:1   | Noticed Ekoynunot's ghost (journeyman DjCj)
 12815 | Lair:1   | Found a transporter.
 12846 | Lair:1   | Found a bloodstained altar of Trog.
 12985 | Lair:1   | Reached skill level 10 in Invocations
 13617 | Lair:2   | Reached **** piety under Elyvilon
 13681 | Lair:2   | Noticed a death yak
 13682 | Lair:2   | Noticed a death yak
 13694 | Lair:2   | Pacified a death yak
 13695 | Lair:2   | Reached skill level 10 in Fighting
 13697 | Lair:2   | Pacified a death yak
 13698 | Lair:2   | Reached skill level 11 in Invocations
 13698 | Lair:2   | Noticed a death yak
 13701 | Lair:2   | Noticed a death yak
 13717 | Lair:2   | Killed a death yak
 13723 | Lair:2   | Elyvilon protects you from harm!
 13724 | Lair:2   | Killed a death yak
 14068 | D:10     | Bought a ruby-encrusted scale mail for 252 gold pieces
 14068 | D:10     | Identified the +6 scale mail of Complete Protection {rN+
                  | rCorr Str-5 Dex+2} (You bought it in a shop on level 10 of
                  | the Dungeon)
 14333 | Lair:2   | Reached skill level 5 in Shields
 14788 | Lair:3   | Reached skill level 12 in Invocations
 15162 | Lair:3   | Found a staircase to the Snake Pit.
 15324 | Lair:3   | Reached XP level 13. HP: 104/116 MP: 22/22
 15906 | Lair:4   | Reached skill level 1 in Evocations
 16080 | Lair:4   | Reached ***** piety under Elyvilon
 16192 | Lair:4   | Found a staircase to the Swamp.
 17195 | Lair:5   | Found a dark tunnel.
 17292 | Volcano  | Entered a volcano
 17338 | Volcano  | Reached skill level 5 in Evocations
 17415 | Volcano  | Reached skill level 5 in Throwing
 17423 | Volcano  | Reached XP level 14. HP: 106/126 MP: 23/23
 18261 | Lair:5   | Found a viscous altar of Jiyva.
 18264 | Lair:5   | Found a staircase to the Slime Pits.
 19310 | Lair:5   | Identified the +0 pair of boots of a bazaar {rElec Int-5
                  | Dex-3 SInv}
 19380 | Lair:5   | Identified the +6 sling "Spiderbane" {flame, rElec rF+
                  | Stlth+}
 19796 | D:11     | Identified the +1 ring mail of Sunlight {Will+}
 20409 | D:10     | Bought a potion of flight for 15 gold pieces
 20409 | D:10     | Bought a scroll of identify for 10 gold pieces
 20409 | D:10     | Bought a scroll of teleportation for 15 gold pieces
 20409 | D:10     | Bought a scroll of blinking for 37 gold pieces
 20608 | D:4      | Bought a scroll of magic mapping for 38 gold pieces
 20608 | D:4      | Bought a scroll of blinking for 82 gold pieces
 20608 | D:4      | Bought a scroll of magic mapping for 38 gold pieces
 20963 | D:12     | Reached ****** piety under Elyvilon
 21479 | D:12     | Noticed zhov's ghost (journeyman MiHu)
 21480 | D:12     | Found a runed translucent door.
 21559 | D:12     | Reached XP level 15. HP: 118/134 MP: 24/24
 21979 | D:12     | Killed zhov's ghost
 21995 | D:12     | Got the Discursus on Bedrock
 22148 | D:7      | Killed ihfijgdoutdouutd's ghost
 23971 | Lair:1   | Killed Ekoynunot's ghost
 24726 | D:14     | Noticed Snorg
 24736 | D:14     | Killed Snorg
 24856 | D:14     | Found a gate to the Vaults.
 25644 | D:14     | Reached skill level 10 in Armour
 25688 | D:14     | Found a sparkling altar of Nemelex Xobeh.
 25705 | D:15     | Entered Level 15 of the Dungeon
 25710 | D:15     | Reached skill level 13 in Invocations
 25905 | D:15     | Found a staircase to the Depths.
 25905 | D:15     | Noticed a fire giant
 25925 | D:15     | Killed a fire giant
 26762 | Lair:6   | Entered Level 6 of the Lair of Beasts
 26770 | Lair:6   | Reached skill level 15 in Fighting
 26914 | Lair:6   | Reached XP level 16. HP: 149/149 MP: 26/26
 27301 | Lair:6   | Reached skill level 14 in Invocations
 28844 | Lair:1   | Gained mutation: Your magical capacity is low. (-10% MP)
                  | [potion of mutation]
 28844 | Lair:1   | Gained mutation: You possess an exceptional clarity of
                  | mind. [potion of mutation]
 28844 | Lair:1   | Gained mutation: You have supernaturally acute eyesight.
                  | (SInv) [potion of mutation]
 28844 | Lair:1   | Gained mutation: You are partially covered in large bone
                  | plates. (SH +4) [potion of mutation]
 28966 | Orc:1    | Entered Level 1 of the Orcish Mines
 29208 | Orc:1    | Reached skill level 15 in Invocations
 29651 | Orc:2    | Entered Level 2 of the Orcish Mines
 29668 | Orc:2    | Noticed Jorgrun
 29707 | Orc:2    | Killed Jorgrun
 29879 | Orc:2    | Found Raim's Antique Armour Emporium.
 30069 | Orc:2    | Noticed Sonja
 30251 | Abyss:1  | Cast into level 1 of the Abyss (Sonja)
 30436 | Abyss:1  | Noticed a tentacled starspawn
 30455 | Abyss:1  | Killed a tentacled starspawn
 30675 | Abyss:1  | Reached skill level 16 in Invocations
 30694 | Orc:1    | Escaped the Abyss
 30696 | Orc:1    | Noticed Sonja
 30696 | Orc:1    | Sonja changed into Sonja the meliai
 30701 | Orc:1    | Killed Sonja the meliai
 30835 | Orc:2    | Reached XP level 17. HP: 146/156 MP: 26/26
 30918 | Orc:2    | Found Yggo's General Store.
 30926 | Orc:2    | Bought a scroll of teleportation for 39 gold pieces
 30926 | Orc:2    | Bought a potion of berserk rage for 65 gold pieces
 30934 | Orc:2    | Found Noqegh's Antique Weapon Shoppe.
 31169 | Orc:2    | Found a staircase to the Elven Halls.
 31180 | Orc:2    | Found Epuit's Book Shoppe.
 31258 | Orc:1    | Found a roughly hewn altar of Beogh.
 31624 | Swamp:1  | Entered Level 1 of the Swamp
 31624 | Swamp:1  | Found a frozen archway.
 31639 | IceCv    | Entered an ice cave
 32590 | IceCv    | HP: 6/156 [spriggan defender simulacrum (21)]
 32596 | IceCv    | HP: 6/156 [spriggan defender simulacrum (19)]
 32597 | IceCv    | Elyvilon protects you from harm!
 32597 | IceCv    | Elyvilon protects you from harm!
 32640 | IceCv    | Noticed an Ice Fiend
 32970 | IceCv    | Noticed an Ice Fiend
 33334 | Swamp:1  | Noticed Roxanne
 33697 | Swamp:1  | Killed Roxanne
 34170 | Swamp:2  | Reached skill level 17 in Invocations
 35005 | Swamp:3  | Identified a scroll of acquirement
 35013 | Swamp:3  | Noticed a tentacled monstrosity
 35029 | Swamp:3  | Killed a tentacled monstrosity
 35030 | Swamp:3  | Acquired a +4 broad axe of venom
 35237 | Swamp:3  | Identified the +7 dire flail of Paliah {chaos, rC+ Int+3}
 35788 | Swamp:3  | Identified the +0 chain mail "Hoseshru" {rN+ Str+4 Dex+2
                  | Stlth-}
 36191 | Swamp:4  | Entered Level 4 of the Swamp
 37281 | Swamp:3  | Reached XP level 18. HP: 163/168 MP: 27/27
 37704 | Swamp:4  | Noticed the 27-headed Lernaean hydra
 37875 | Swamp:4  | Reached skill level 15 in Armour
 38218 | Snake:1  | Entered Level 1 of the Snake Pit
 38388 | Snake:1  | Identified the amulet of Abstinence {Reflect Dex+4 SH+5}
 39416 | Snake:2  | Noticed Aizul
 39435 | Snake:2  | Killed Aizul
 39455 | Snake:2  | Elyvilon protects you from harm!
 39928 | Snake:2  | Found Ragriheng's Jewellery Emporium.
 39928 | Snake:2  | Found Aselestre's Jewellery Shoppe.
 40278 | Snake:2  | Noticed Kirke
 40289 | Snake:2  | Killed Kirke
 40351 | Snake:2  | Reached skill level 10 in Shields
 41499 | Snake:4  | Entered Level 4 of the Snake Pit
 42007 | Snake:4  | Reached XP level 19. HP: 144/180 MP: 23/28
 42533 | Snake:4  | Identified the +1 pair of gloves of the Doldrums {rC+}
 42533 | Snake:4  | Noticed Nikola
 42547 | Snake:4  | Killed Nikola
 42897 | Swamp:4  | Killed the 25-headed Lernaean hydra
 43158 | Swamp:4  | Got a decaying rune of Zot
 44178 | Snake:4  | Identified the +8 hand axe of Wuiklyl {vorpal, Int+4}
 45181 | Snake:4  | Got a serpentine rune of Zot
 45727 | Lair:1   | Upgraded the game from 0.29-a0-823-gc37b1572da to
                  | 0.29-a0-824-gd827844252
 45933 | Vaults:1 | Entered Level 1 of the Vaults
 46624 | Vaults:1 | Found Eleridoq's Antique Weapon Emporium.
 47037 | Vaults:1 | You fall into a shaft and drop 1 floor!
 47385 | Vaults:2 | Elyvilon protects you from harm!
 47806 | Vaults:2 | Identified the +8 rapier "Zeomuwou" {antimagic, rC+ Str+3}
 48575 | Vaults:2 | Reached skill level 18 in Invocations
 48652 | Vaults:2 | Reached XP level 20. HP: 169/193 MP: 29/29
 49683 | Vaults:2 | Reached skill level 19 in Invocations
 50137 | Vaults:2 | Found Goinaono's Assorted Antiques.
 50621 | Vaults:1 | Bought the +8 frozen axe "Frostbite" {freezing cloud,
                  | *Noise Fly rC+} for 2682 gold pieces
 50621 | Vaults:1 | Found the +8 frozen axe "Frostbite" {freezing cloud, *Noise
                  | Fly rC+}
 51436 | Vaults:3 | Found a flickering gateway to a bazaar.
 51472 | Bazaar   | Entered a bazaar
 51530 | Bazaar   | Found Fufeotif's Magic Scroll Shoppe.
 51581 | Bazaar   | Found Recun's Jewellery Shoppe.
 51624 | Bazaar   | Found Quja's Assorted Antiques.
 51847 | Vaults:3 | Identified the +8 chain mail of the Immovable Violins {rC++
                  | rCorr SInv}
 51913 | Vaults:3 | Found a staircase to the Crypt.
 51913 | Vaults:3 | Found a basalt altar of Yredelemnul.
 51913 | Vaults:3 | Found an ancient bone altar of Kikubaaqudgha.
 52240 | Vaults:3 | Identified the +9 short sword "Uxasa" {drain, rElec rF+
                  | Str-5 Int+2}
 52247 | Vaults:3 | Reached skill level 20 in Invocations
 53037 | Vaults:3 | Got the Omnibus of Minerals and Fascination
 53097 | Vaults:4 | Found a huge runed gate.
 53097 | Vaults:4 | Found a huge runed gate.
 53097 | Vaults:4 | Found a huge runed gate.
 53097 | Vaults:4 | Found a huge runed gate.
 53097 | Vaults:4 | Found a huge runed gate.
 53097 | Vaults:4 | Found a huge runed gate.
 53097 | Vaults:4 | Found a huge runed gate.
 53099 | Vaults:4 | Found a huge runed gate.
 53099 | Vaults:4 | Found a huge runed gate.
 53099 | Vaults:4 | Found a huge runed gate.
 53100 | Vaults:4 | Found a huge runed gate.
 53101 | Vaults:4 | Found a huge runed gate.
 53102 | Vaults:4 | Found a huge runed gate.
 53103 | Vaults:4 | Found a huge runed gate.
 53104 | Vaults:4 | Found a huge runed gate.
 53105 | Vaults:4 | Found a huge runed gate.
 53852 | Elf:1    | Entered Level 1 of the Elven Halls
 54060 | Elf:1    | Found Arruekol's Assorted Antiques.
 54062 | Elf:1    | Found Erorr's Assorted Antiques.
 54065 | Elf:1    | Found Faefat Hihi's Antique Armour Shoppe.
 54109 | Elf:1    | Got the Directory of Planar Flames
 54295 | Elf:1    | Reached skill level 10 in Dodging
 54625 | Elf:1    | Identified the ring of Tulips {Fire rPois Will+ MP+9
                  | Stlth+}
 54630 | Elf:1    | Identified the ring of Liberalism {rElec rN+}
 54632 | Elf:1    | Paralysed by an air elemental for 1 turns
 54633 | Elf:1    | Identified the ring of Ominon {*Corrode Fly MP+9 Str+2
                  | Stlth+}
 54637 | Elf:1    | Paralysed by an air elemental for 1 turns
 55731 | Elf:2    | Reached XP level 21. HP: 181/201 MP: 31/31
 55790 | Elf:2    | Found a runed translucent door.
 55822 | Elf:2    | Found a runed translucent door.
 56921 | Elf:2    | Noticed Saint Roka
 56949 | Elf:2    | Killed Saint Roka
 57663 | Elf:3    | Entered Level 3 of the Elven Halls
 58485 | Elf:3    | Identified the ring of Hehunoch {rN++ Int+3 Slay-4 SInv}
 59614 | Elf:3    | Identified the ring "Zeff" {Will- Int+6 Slay+2 SInv}
 59621 | Elf:3    | HP: 9/185 [balrug/bolt of fire[a deep elf demonologist]
                  | (15)]
 60215 | Elf:3    | Found a radiant altar of Vehumet.
 60231 | Elf:3    | Found a roughly hewn altar of Beogh.
 60339 | Elf:3    | Found the +2 cloak of the Thief {*Fog Slay-2 SInv Stlth+}
 61222 | Elf:3    | Identified the +3 shortbow "Uleapp" {venom, MP+9}
 61900 | Depths:1 | Entered Level 1 of the Depths
 61934 | Depths:1 | Paralysed by a floating eye for 2 turns
 62282 | Depths:1 | Reached XP level 22. HP: 144/209 MP: 32/32
 63031 | Depths:1 | Found a shadowy altar of Dithmenos.
 63088 | Depths:1 | Found a one-way gateway to a ziggurat.
 63551 | Depths:1 | Found a gateway to Hell.
 64035 | Depths:2 | Reached skill level 21 in Invocations
 65184 | Depths:2 | Identified the +1 shortbow of Parts Unknown {freeze, Fly
                  | rF+ rN+ Stlth+}
 65630 | Depths:2 | Found a one-way gate leading to the halls of Pandemonium.
 65709 | Depths:2 | Found a one-way gate to the infinite horrors of the Abyss.
 65798 | Depths:2 | Found Quexteb's Book Boutique.
 65798 | Depths:2 | Found Egiutwoy's Jewellery Emporium.
 65799 | Depths:2 | Found Agipoh's Book Boutique.
 66292 | Depths:3 | Found a sacrificial altar of Ru.
 66400 | Depths:3 | Identified the +9 halberd "Efraklo" {vorpal, rCorr SInv}
 67096 | Depths:3 | Found Enounapp's Weapon Boutique.
 67212 | Depths:3 | Reached skill level 22 in Invocations
 67477 | Depths:3 | Identified the +7 chain mail "Yluloem" {rF+ SInv}
 67584 | Depths:4 | Entered Level 4 of the Depths
 67605 | Depths:4 | Reached XP level 23. HP: 222/222 MP: 34/34
 67692 | Depths:4 | Noticed a caustic shrike
 67694 | Depths:4 | Noticed a caustic shrike
 67695 | Depths:4 | Noticed a caustic shrike
 67699 | Depths:4 | Pacified a caustic shrike
 67701 | Depths:4 | Pacified a caustic shrike
 67704 | Depths:4 | Pacified a caustic shrike
 67715 | Depths:4 | Killed a caustic shrike
 67715 | Depths:4 | Killed a caustic shrike
 67991 | Depths:4 | Found a gate to the Realm of Zot.
 67991 | Depths:4 | Noticed a golden dragon
 68001 | Depths:4 | Killed a golden dragon
 68304 | Depths:4 | Noticed a caustic shrike
 68305 | Depths:4 | Pacified a caustic shrike
 68950 | Lair:1   | Acquired the +1 pair of gloves of Forking Paths {rF+++
                  | Str-3 Dex+8}
 69593 | Depths:4 | Found the +8 lance "Wyrmbane" {slay drac, rPois rF+ rC+
                  | AC+3}
 70928 | Vaults:4 | Found a huge runed gate.
 70930 | Vaults:4 | Found a huge runed gate.
 70931 | Vaults:4 | Found a huge runed gate.
 70937 | Vaults:4 | Found a huge runed gate.
 70937 | Vaults:4 | Found a huge runed gate.
 70937 | Vaults:4 | Found a huge runed gate.
 70937 | Vaults:4 | Found a huge runed gate.
 70937 | Vaults:4 | Found a huge runed gate.
 70937 | Vaults:4 | Found a huge runed gate.
 70938 | Vaults:4 | Found a huge runed gate.
 71015 | Vaults:4 | Noticed Zenata
 71024 | Vaults:4 | Killed Zenata
 71238 | Vaults:4 | Found a huge runed gate.
 71239 | Vaults:4 | Found a huge runed gate.
 71517 | Vaults:4 | Found a huge runed gate.
 71517 | Vaults:4 | Found a huge runed gate.
 71517 | Vaults:4 | Found a huge runed gate.
 71517 | Vaults:4 | Found a huge runed gate.
 71517 | Vaults:4 | Found a huge runed gate.
 71519 | Vaults:4 | Found a huge runed gate.
 71520 | Vaults:4 | Found a huge runed gate.
 71521 | Vaults:4 | Found a huge runed gate.
 71805 | Vaults:4 | Reached skill level 23 in Invocations
 72477 | Vaults:4 | Found a runed translucent gate.
 72477 | Vaults:4 | Found a runed translucent gate.
 72477 | Vaults:4 | Found a runed translucent gate.
 72477 | Vaults:4 | Noticed scionoferis's ghost (veteran DECj)
 72480 | Vaults:4 | Identified the +1 chain mail of Death Resistance {Will+
                  | Dex+3}
 72613 | Vaults:4 | Identified the amulet "Plog" {Faith Harm +Inv Dex+4}
 72619 | Vaults:4 | Found a roughly hewn altar of Beogh.
 73422 | Vaults:4 | Identified the +2 ring mail "Quydou" {Drain rElec Str+5
                  | Stlth+}
 73595 | Vaults:5 | Entered Level 5 of the Vaults
 73601 | Vaults:5 | Reached XP level 24. HP: 202/235 MP: 34/34
 73948 | Vaults:5 | Noticed an ancient lich
 73949 | Vaults:5 | Reached skill level 24 in Invocations
 73950 | Vaults:5 | Identified the ring "Relous" {rC+ Dex+6}
 75050 | Vaults:5 | Identified the +11 spear "Eqev" {vorpal, Will+}
 75050 | Vaults:5 | Identified the amulet of Daenoree {RegenMP Rampage rC-
                  | Int+5 Slay+5}
 75085 | Vaults:5 | Identified the ring "Gaefabu" {Ice rPois rN+}
 75110 | Vaults:5 | Reached skill level 10 in Evocations
 76084 | Vaults:5 | Got a silver rune of Zot
 76140 | Vaults:5 | Noticed a dread lich
 76780 | Vaults:5 | Killed a dread lich
 77211 | Vaults:5 | Identified the +1 sling "Donuicio" {flame, *Corrode rF+
                  | Int+9 SInv}
 77774 | Vaults:5 | Killed an ancient lich
 77775 | Vaults:5 | Reached XP level 25. HP: 211/245 MP: 35/35
 79268 | Slime:1  | Entered Level 1 of the Pits of Slime
 79648 | Slime:2  | Gained mutation: Your magical capacity is very low. (-20%
                  | MP) [a shining eye]
 79657 | Slime:2  | Gained mutation: Your body sometimes deteriorates upon
                  | taking damage. [a shining eye]
 80626 | Slime:4  | Paralysed by a Zot trap for 5 turns
 80884 | Slime:4  | Paralysed by a floating eye for 4 turns
 81122 | Slime:4  | Found a viscous altar of Jiyva.
 81553 | Slime:5  | Entered Level 5 of the Pits of Slime
 81701 | Slime:5  | Noticed the Royal Jelly
 81712 | Slime:5  | Killed the Royal Jelly
 81713 | Slime:5  | Reached skill level 10 in Throwing
 82876 | Slime:5  | Found the +4 moon troll leather armour {Spirit, Regen++
                  | MP+5}
 82884 | Slime:5  | Identified the ring "Unofaih" {Wiz Will+ Str+5 Int+3}
 82892 | Slime:5  | Gained mutation: You are occasionally teleported next to
                  | monsters. [a shining eye]
 82910 | Slime:5  | Found the +1 robe of Vines {NoPotionHeal Regen++++}
 82959 | Slime:5  | Identified the +7 battleaxe of Disembowelment {chaos,
                  | +Blink rC++ Will-}
 82966 | Slime:5  | Identified the +1 plate armour of Precision Catastrophes
                  | {rElec}
 82970 | Slime:5  | Got a slimy rune of Zot
 82975 | Slime:5  | Identified the +8 storm dragon scales "Riycreff" {+Inv
                  | rElec rF+ Str+5}
 83023 | Slime:5  | Identified the +5 spear of Crystal {freeze, +Blink rF+++
                  | Will- Stlth+}
 83044 | Slime:5  | Identified the +8 great sword "Peaffemo" {pain, Will++
                  | Str-5}
 83077 | Slime:5  | Identified the +5 quarterstaff of an ice cave {vorpal,
                  | rPois rC+ Int+3}
 84263 | Zot:1    | Entered Level 1 of the Realm of Zot
 84269 | Zot:1    | Reached skill level 25 in Invocations
 84281 | Zot:1    | Reached skill level 1 in Polearms
 84477 | Zot:1    | Noticed Vv
 84502 | Zot:1    | HP: 1/215 [Vv (31)]
 84504 | Zot:1    | Elyvilon protects you from harm!
 84510 | Zot:1    | HP: 9/215 [Vv (62)]
 84515 | Zot:1    | Annihilated by Vv

Illustrated notes

Levels and vault maps discovered:
D:1:      lightli_arrival_noodles, layout_loops_corners, minmay_tromino_v4_a
D:2:      layout_loops_cross, grunt_decor_fettered, minivault_26, uniq_terence
D:3:      layout_rooms, fedhas_altar_1
D:4:      layout_loops_ring, serial_shops, kennysheep_little_box, uniq_ijyb,
          uniq_crazy_yiuf_cottage
D:5:      layout_loops_corners, okawaru_metal_pillars_1_2,
          mainiacjoe_overflow_paths, minmay_circle_x
D:6:      layout_loops_ring, palyth_temple_overflow_mages,
          nicolae_qazlal_scattered_showers, cheibriados_altar_1,
          minmay_diced_spiral
D:7:      layout_basic, makhleb_grotto_becter,
          gammafunk_temple_overflow_forgotten, mainiacjoe_overflow_alcove_1,
          temple_hall, enter_ossuary_5, gammafunk_ghost_smash
D:8:      layout_basic, gammafunk_temple_overflow_arena,
          mainiacjoe_overflow_cross_hatched, minmay_lair_entry_grove, uniq_erica
D:9:      layout_long_grid, minmay_misc_feat_enclosed
D:10:     layout_layer_cave, minmay_orc_entry_guard_dogs, serial_shops,
          shop_statue, kennysheep_minor_cross, nicolae_shop_clearance
D:11:     layout_cave_pools, minmay_fractal_squares_5
D:12:     layout_loops_corners, hellmonk_ghost_big_iron, kennysheep_small_square
D:13:     layout_gridville
D:14:     layout_irregular_city, erik_vaults_2, chequers_serial_rivers_large_b,
          serial_column_ruins, column_ruins_hut_pillars,
          column_ruins_square_large, column_ruins_columns_water,
          column_ruins_corridor_T, column_ruins_open_small, column_ruins_grid_2,
          minmay_liquid_box, nemelex_lonely_heart_becter, uniq_snorg
D:15:     grunt_enter_depths_giant_problem, layout_loops_cross,
          due_unseen_surprise
Temple:   hellmonk_temple_of_storms
Lair:1:   layout_loops_ring, gammafunk_ghost_wrathful_warriors,
          serial_bayou_shore_a, grunt_megastairs_2, infiniplex_staircase_pool_2,
          lemuel_fruit_tree, serial_bayou_shore_b
Lair:2:   layout_chaotic_city, grunt_megastairs_3
Lair:3:   layout_roguey, dummy_snake_entry, grunt_megastairs_1
Lair:4:   layout_hall_layers, minmay_swamp_entry_worms
Lair:5:   hangedman_what_comes_after_a, layout_regular_city,
          minmay_slime_entry_pillars, lightli_volcano_entry_magma_tube,
          st_stairs_5
Lair:6:   grunt_lair_end_beastmaster, layout_concentric_octagons,
          minmay_lair_drake_nest
Swamp:1:  layout_falls_marsh, portal_ice_cave_entry_pillars_1,
          evilmike_swamp_ruin_house_3, uniq_roxanne
Swamp:2:  layout_basic_swamp, evilmike_swamp_ruin_wall
Swamp:3:  layout_basic_swamp, evilmike_swamp_ruin_rubble_2,
          hangedman_swamp_wriggling
Swamp:4:  swamp_old_school, layout_basic_swamp, infiniplex_staircase_pool
Snake:1:  layout_basic
Snake:2:  layout_chambers, minmay_shoptagon, uniq_aizul, uniq_kirke
Snake:3:  layout_onion
Snake:4:  hellmonk_snake_rune_quicksilver_temple, layout_chambers, st_stairs_14,
          nicolae_snake_serpentine_hallways, serial_bayou_shore_b, uniq_nikola
Slime:1:  layout_caves
Slime:2:  layout_caves
Slime:3:  layout_caves
Slime:4:  layout_caves, basic_altar
Slime:5
Orc:1:    layout_diamond_mine, basic_altar, lightli_orcish_oven
Orc:2:    grunt_orc_gardens, layout_caves, grunt_orc_garden, grunt_orc_garden,
          grunt_orc_garden, grunt_orc_garden, uniq_sonja, uniq_jorgrun
Elf:1:    minmay_elf_arrival_summoners, layout_loops_cross, minivault_28,
          minmay_the_grid_square_5x5_3x3_mashed
          [minmay_the_grid_square_5x5_fat_x,
          minmay_the_grid_square_5x5_inverted_slash,
          minmay_the_grid_square_5x5_detours, minmay_the_grid_square_5x5_slash,
          minmay_the_grid_square_5x5_megaprize_checkered,
          minmay_the_grid_square_5x5_hollow_slash,
          minmay_the_grid_square_5x5_eight,
          minmay_the_grid_square_5x5_tetrominoes,
          minmay_the_grid_square_5x5_checkered], minmay_shop_star
Elf:2:    nicolae_elf_blades_splatter_lattice
          [nicolae_blade_entry_splitting_headache], layout_loops_cross,
          hangedman_research_probablistics, uniq_saint_roka
Elf:3:    grunt_elf_hall_asides, layout_loops_cross,
          nicolae_elf_theology_debate, grunt_megastairs_4
Vaults:1: hangedman_vaults_pinch, vaults_room_pools, v_misc_15,
          vaults_room_octagon, grunt_vaults_hallway_short,
          nicolae_vaults_little_squares_2, nicolae_vaults_yaktaur_gun_rack,
          layout_vaults_omnigrid, serial_shops, shop_coins
Vaults:2: nicolae_vaults_mini_display_case, v_misc_17, v_alt_pattern_3,
          hangedman_vaults_cutoff, nicolae_vaults_display_case,
          nicolae_vaults_what_the_h, hangedman_vaults_stagger,
          grunt_vaults_trifunnel, v_misc_17, v_rooms_1, v_misc_8,
          vaults_room_stairs_pillars, vaults_room_stairs_pillars,
          layout_vaults_maze_bifur, serial_shops, nicolae_shop_crystal
Vaults:3: minmay_crypt_entry_necro_gods, nicolae_vaults_little_squares_2,
          grunt_vaults_funnel, v_misc_23, v_misc_12, ontoclasm_vaults_ligature,
          v_rooms_6, nicolae_vaults_network_quinsquares
          [nicolae_vaults_network_quincunx_subvault,
          nicolae_vaults_network_quincunx_subvault,
          nicolae_vaults_network_quincunx_subvault,
          nicolae_vaults_network_quincunx_subvault], grunt_vaults_hallway_short,
          nicolae_vaults_diagonal_hallway_8, hangedman_vaults_impose,
          layout_vaults_omnicross, serial_shops, bzr_entry_dummy
Vaults:4: biasface_ghost_orc_armoury, v_misc_29, hangedman_vaults_restitches,
          door_vault, nicolae_vaults_network_square, dpeg_vaults_monster_box,
          vaults_dpeg_diagonal, ontoclasm_vaults_pinch, ontoclasm_vaults_hangar,
          v_misc_23, v_misc_30, v_misc_15, grunt_vaults_hallway_long, v_misc_3,
          grunt_vaults_diagonal, vaults_dpeg_encased_lava,
          layout_vaults_omnibox, uniq_zenata
Vaults:5: serial_shops
Depths:1: layout_cave_pools, enter_ziggurat_f, nicolae_dithmenos_the_darkroom,
          grunt_hell_entry_dis_mu, st_stairs_2, hangedman_decor_peaks_small,
          kennysheep_small_circle
Depths:2: nooodl_glass_maze, layout_cave_shapes, hellmouth_1, serial_bayou,
          serial_bayou_pond_d, serial_bayou_lagoon_a, serial_bayou_shore_b,
          serial_bayou_ford_a, serial_bayou_pond_d, serial_bayou_pond_a,
          abyss_entry, rand_demon_pan_entry_7, kennysheep_generic_room_16,
          minmay_staircase_bubble, firewood_loft, minmay_shop_grove
Depths:3: minmay_tri_box, layout_cave_shapes, lightli_too_deep,
          abyss_entry_crystal, hangedman_abyss_or_decor_passed, serial_shops,
          nicolae_inconvenience_store, hangedman_ru_absence
Depths:4: grunt_zot_entry_funnels, layout_gridlike, hell_entry, st_stairs_5
Zot:1:    kennysheep_ambush_hall, layout_misc_corridors,
          st_grand_hoard_of_tiamat, uniq_vv, uniq_parghit

Skill      XL: |  1  2  3  4  5  6  7  8  9 10 11 12 13 14 15 16 17 18 19 20 21 22 23 24 25 |
---------------+----------------------------------------------------------------------------+-----
Throwing       | 2 5 7 8 11 | 11.2
Fighting       | 3 4 5 6 7 9 11 12 15 16 18 19 20 21 23 24 | 24.9
Axes           | 5 6 7 8 10 12 14 15 16 18 19 20 21 24 | 24.0
Armour         | 3 6 7 9 10 12 14 16 17 18 20 | 20.0
Short Blades   | 2 |  2.0
Dodging        | 3 5 7 9 10 12 14 | 14.0
Invocations    | 2 9 12 13 16 17 18 20 22 23 24 25 | 25.1
Shields        | 2 6 7 10 12 | 12.0
Evocations     | 5 6 7 8 9 11 12 | 12.0
Polearms       | 2 |  2.2

Action                   |  1- 3 |  4- 6 |  7- 9 | 10-12 | 13-15 | 16-18 | 19-21 | 22-24 | 25-27 || total
-------------------------+-------+-------+-------+-------+-------+-------+-------+-------+-------++-------
Melee: War axe           |    80 |   136 |   420 |   304 |       |       |       |       |       ||   940
       Punch             |     3 |       |     5 |     4 |       |       |       |       |     1 ||    13
       Dagger            |       |       |     5 |       |       |       |       |       |       ||     5
       Hand axe          |       |       |       |     7 |       |       |       |       |       ||     7
       Battleaxe         |       |       |       |   310 |  1085 |   969 |       |       |       ||  2364
       Dire flail        |       |       |       |       |    24 |    21 |       |       |       ||    45
       Great mace        |       |       |       |       |     3 |       |       |       |       ||     3
       Broad axe         |       |       |       |       |       |   560 |   573 |       |       ||  1133
       Scimitar          |       |       |       |       |       |    52 |    16 |       |       ||    68
       Executioner's axe |       |       |       |       |       |       |   535 |  1052 |   331 ||  1918
       Lance             |       |       |       |       |       |       |       |       |    34 ||    34
 Fire: Sling             |       |    31 |    26 |    54 |    87 |    89 |    31 |    12 |     6 ||   336
Throw: Throwing net      |     3 |       |       |       |       |       |       |       |       ||     3
       Dart              |       |       |       |       |       |     9 |     1 |       |       ||    10
       Boomerang         |       |       |       |       |       |     1 |       |       |       ||     1
       Javelin           |       |       |       |       |       |     2 |       |    10 |       ||    12
Invok: Heal Other        |       |       |       |     9 |    10 |    24 |    29 |    37 |       ||   109
       Purification      |       |       |       |     1 |       |       |       |       |       ||     1
       Heal Self         |       |       |       |       |       |     2 |       |     6 |     9 ||    17
       Divine Vigour     |       |       |       |       |       |     1 |     1 |       |       ||     2
Evoke: Wand              |       |     2 |       |     3 |    10 |    13 |     8 |     6 |     1 ||    43
       Box of beasts     |       |       |       |       |       |     2 |       |     1 |       ||     3
       Phantom mirror    |       |       |       |       |       |     2 |     1 |       |       ||     3
       Phial of floods   |       |       |       |       |       |     2 |       |       |       ||     2
       Tin of tremorston |       |       |       |       |       |       |       |     4 |       ||     4
       Lightning rod     |       |       |       |       |       |       |       |     2 |       ||     2
  Use: Scroll            |       |     8 |    10 |     4 |     5 |    18 |     9 |    11 |    10 ||    75
       Potion            |       |       |     2 |     4 |     6 |    11 |     7 |     3 |     2 ||    35
 Stab: Paralysed         |       |     2 |       |       |       |       |       |       |       ||     2
       Invisible         |       |       |       |       |     7 |       |     1 |       |     2 ||    10
       Petrified         |       |       |       |       |       |     6 |       |       |       ||     6
       Petrifying        |       |       |       |       |       |     2 |       |       |       ||     2
       Distracted        |       |       |       |       |       |       |     1 |       |       ||     1
Armor: Leather armour    |    13 |       |       |       |       |       |       |       |       ||    13
       Scale mail        |     8 |    39 |   142 |   136 |   368 |   679 |   140 |       |       ||  1512
       Chain mail        |       |       |       |       |       |       |   190 |   431 |   111 ||   732
       Swamp dragon scal |       |       |       |       |       |       |    15 |       |       ||    15
       Storm dragon scal |       |       |       |       |       |       |       |       |    95 ||    95
Dodge: Dodged            |    56 |    92 |   253 |   351 |   762 |   906 |   540 |   588 |   255 ||  3803
Block: Other             |       |       |       |       |       |    96 |   199 |   320 |   133 ||   748
       Kite shield       |       |       |       |       |       |   548 |   636 |       |       ||  1184
       Buckler           |       |       |       |       |       |    25 |       |       |       ||    25
       Reflection        |       |       |       |       |       |    75 |    57 |    25 |     1 ||   158

Table legend: (Time is in decaauts)
 A = Elapsed time spent in this place.
 B = Non-inter-level travel time spent in this place.
 C = Inter-level travel time spent in this place.
 D = Time resting spent in this place.
 E = Time spent auto-exploring this place.
 F = Levels seen in this place.
 G = Mean time per level.
                   A        B        C        D        E       F      G
               +--------+--------+--------+--------+--------+-----+--------+
         Total |  83696 |  71447 |  12249 |  25239 |  29700 |  55 | 1521.7 |
       Dungeon |  22538 |  17131 |   5407 |   4974 |   8952 |  15 | 1502.5 |
        Temple |     63 |     34 |     29 |      0 |     28 |   1 |   63.0 |
          Lair |  11970 |   9104 |   2866 |   1784 |   3786 |   6 | 1995.0 |
         Swamp |   5413 |   4787 |    626 |   1858 |   1863 |   4 | 1353.2 |
     Snake Pit |   6626 |   6234 |    392 |   1991 |   3167 |   4 | 1656.5 |
    Slime Pits |   3955 |   3729 |    226 |   1425 |   1419 |   5 |  791.0 |
  Orcish Mines |   2377 |   1706 |    671 |    356 |    845 |   2 | 1188.5 |
   Elven Halls |   6819 |   6051 |    768 |   2207 |   2194 |   3 | 2273.0 |
        Vaults |  14144 |  13460 |    684 |   7198 |   3973 |   5 | 2828.8 |
        Depths |   6912 |   6337 |    575 |   2131 |   3109 |   4 | 1728.0 |
           Zot |    228 |    228 |      0 |     99 |     20 |   1 |  228.0 |
         Abyss |    412 |    412 |      0 |     90 |    132 |   1 |  412.0 |
        Bazaar |    206 |    206 |      0 |      0 |    155 |   1 |  206.0 |
       Ossuary |    307 |    307 |      0 |     82 |      0 |   1 |  307.0 |
      Ice Cave |   1312 |   1312 |      0 |    939 |     55 |   1 | 1312.0 |
       Volcano |    407 |    407 |      0 |    102 |      0 |   1 |  407.0 |
               +--------+--------+--------+--------+--------+-----+--------+

Top non-repeatable levels by time:
  Lair:1: 3989 daAuts
Vaults:5: 3853 daAuts
Vaults:4: 3288 daAuts
 Snake:4: 3191 daAuts
Vaults:2: 3016 daAuts
     D:8: 2649 daAuts
   Elf:3: 2515 daAuts
   Elf:2: 2316 daAuts
     D:9: 2257 daAuts
Depths:2: 2248 daAuts
Vaults:1: 2058 daAuts
   Elf:1: 1987 daAuts
Vaults:3: 1928 daAuts
    D:10: 1874 daAuts
Depths:4: 1851 daAuts
